Map: Oxide LE

Players

piglet

  • Race: Terran Terran
  • League: Grandmaster
  • Spawn Location: 7:00

Azure - Winner!

  • Race: Terran Terran
  • League: Grandmaster
  • Spawn Location: 1:00

Event: DreamHack SC2 Masters 2020 Winter

VOD

Have the link to the VOD?

Description

Time

  • Played on: Oct. 18, 2020, 1:02 a.m.
  • Length: 18:04

All games in this series

Show
View Real Time Build Order
Export as new Build Order

piglet Terran 

Build Orders: Gas First Reaper Expand 

Get SALT Encoding   

  12  0:00  SCV  
  13  0:12  SCV  
  14  0:17  Supply Depot  
  14  0:24  SCV  
  14  0:27  Refinery  
  15  0:38  SCV  
  16  0:43  Barracks  
  16  0:50  SCV  
  17  1:02  SCV  
  18  1:15  SCV  
  19  1:30  Reaper, Orbital Command  
  20  1:41  Command Center  
  20  1:50  Factory  
  20  1:56  SCV  
  20  2:00  Refinery  
  21  2:05  Barracks Reactor  
  21  2:08  SCV  
  22  2:12  Supply Depot  
  22  2:20  SCV  
  23  2:34  SCV  
  23  2:35  Hellion  
  26  2:43  Marine x2  
  28  2:46  SCV  
  29  2:54  Starport  
  29  2:58  SCV  
  30  2:59  Factory Tech Lab  
  30  3:10  SCV  
  31  3:16  Marine x2  
  31  3:19  Cyclone  
  36  3:21  Orbital Command  
  36  3:22  SCV  
  37  3:33  Viking  
  39  3:34  SCV  
  39  3:40  Supply Depot  
  40  3:42  Marine x2  
  40  3:47  Bunker  
  40  3:48  SCV x2  
  44  4:00  SCV x2  
  44  4:02  Factory Tech Lab  
  46  4:10  Supply Depot  
  46  4:12  SCV x2, Raven  
  49  4:23  Command Center  
  49  4:24  SCV  
  49  4:26  SCV  
  49  4:29  Siege Tank  
  54  4:32  Refinery, Marine x2  
  54  4:36  SCV  
  54  4:38  SCV, Supply Depot  
  58  4:47  Refinery  
  58  4:49  SCV  
  58  4:50  SCV  
  60  4:59  Barracks x2  
  60  5:01  SCV  
  60  5:02  Starport Reactor  
  60  5:03  Siege Tank  
  60  5:05  SCV  
  65  5:11  Marine  
  65  5:13  SCV  
  67  5:17  SCV  
  67  5:20  Supply Depot, Stimpack  
  68  5:23  Engineering Bay  
  68  5:31  Engineering Bay  
  68  5:33  SCV  
  68  5:35  Siege Tank  
  72  5:37  Orbital Command  
  72  5:43  SCV  
  72  5:47  Marine x2  
  75  5:50  Marine  
  75  5:51  Starport Reactor  
  75  5:52  Terran Infantry Weapons Level 1  
  76  5:58  Terran Infantry Armor Level 1  
  76  5:59  Marine x2  
  76  6:04  Supply Depot  
  77  6:05  Marine  
  77  6:06  SCV x2  
  77  6:07  Marine  
  77  6:08  Marine  
  82  6:15  Siege Tank  
  82  6:17  Marine x2  
  87  6:22  Marine  
  87  6:25  SCV x2  
  90  6:26  Marine x2  
  90  6:28  Supply Depot x2, Medivac  
  90  6:31  Medivac  
  96  6:37  Marine  
  97  6:41  SCV x2  
  97  6:44  Marine  
  97  6:45  Supply Depot  
  100  6:50  Marine  
  100  6:52  Marine  
  100  6:53  SCV  
  102  6:56  SCV, Marine  
  98  7:06  Marine  
  98  7:07  Siege Tank  
  98  7:08  Marine  
  101  7:11  Marine  
  101  7:13  Marine  
  101  7:14  Medivac x2, Marine, Combat Shield  
  101  7:16  Orbital Command  
  98  7:24  Marine  
  98  7:25  Marine  
  98  7:28  Supply Depot  
  98  7:29  Armory, Marine  
  101  7:31  Marine  
  101  7:32  Marine  
  101  7:36  SCV  
  104  7:40  Siege Tank  
  104  7:42  Marine  
  104  7:43  Marine  
  95  7:46  Marine  
  95  7:49  Marine x2  
  89  8:00  Marine  
  89  8:01  Marine  
  91  8:06  Marine  
  91  8:11  Marine  
  91  8:12  Siege Tank  
  95  8:13  Supply Depot  
  95  8:18  Marine  
  94  8:38  Marine  
  93  8:44  Marine  
  93  8:45  Marine  
  93  8:46  Siege Tank  
  93  8:48  Orbital Command  
  81  8:54  Terran Infantry Weapons Level 2  
  80  8:56  Marine  
  80  9:02  Marine x2  
  83  9:11  Terran Infantry Armor Level 2  
  83  9:14  Marine  
  84  9:18  Refinery  
  84  9:19  Refinery  
  84  9:20  Marine  
  85  9:32  Marine x2  
  85  9:40  Siege Tank  
  85  9:43  SCV  
  85  9:44  SCV x2  
  85  9:45  Barracks  
  81  9:46  Marine  
  81  9:50  Marine  
  81  9:51  Orbital Command, Barracks  
  79  9:53  Barracks  
  79  9:55  SCV, Marine  
  79  9:56  SCV  
  74  10:03  Supply Depot  
  74  10:04  Marine  
  72  10:07  Missile Turret  
  72  10:08  SCV x2, Marine  
  72  10:10  Missile Turret  
  72  10:13  Siege Tank  
  78  10:20  SCV  
  79  10:21  Marine  
  79  10:22  Marine  
  79  10:23  SCV  
  79  10:24  SCV  
  79  10:26  Marine  
  84  10:32  SCV  
  84  10:35  Marine  
  86  10:36  SCV  
  86  10:39  Marine x2  
  86  10:41  Marine x2  
  86  10:42  Medivac  
  90  10:44  Marine  
  89  10:53  Marine  
  89  10:55  SCV  
  91  10:57  Marine x2  
  93  11:11  Marine x2  
  93  11:13  Marine x2  
  93  11:14  SCV, Siege Tank  
  93  11:15  SCV, Marine x2  
  93  11:16  SCV  
  73  11:26  SCV  
  73  11:27  SCV  
  73  11:28  SCV  
  73  11:29  Marine  
  73  11:31  Marine  
  73  11:32  Marine  
  79  11:36  Marine  
  79  11:38  SCV, Marine  
  79  11:39  SCV  
  82  11:40  SCV  
  82  11:42  Marine  
  82  11:43  Medivac  
  86  11:47  Marine  
  86  11:49  Marine  
  86  11:50  SCV  
  86  11:54  SCV, Marine  
  90  11:56  Marine  
  90  11:59  SCV  
  93  12:09  Terran Infantry Weapons Level 3  
  93  12:20  Medivac  
  93  12:21  SCV x2, Barracks, Siege Tank  
  100  12:24  Supply Depot, Sensor Tower  
  100  12:30  Missile Turret  
  100  12:32  Missile Turret  
  100  12:33  Marine  
  100  12:35  Terran Infantry Armor Level 3  
  101  12:38  Supply Depot  
  101  12:45  Marine x4  
  101  12:46  Marine  
  106  12:51  Marine  
  107  13:00  Terran Vehicle Weapons Level 1, Supply Depot, Siege Tank  
  107  13:01  Medivac  
  107  13:02  Medivac, Supply Depot  
  107  13:03  Marine  
  114  13:08  Marine  
  114  13:09  Marine  
  114  13:10  Marine  
  113  13:19  SCV, Marine x2  
  109  13:22  SCV, Marine  
  109  13:33  Supply Depot  
  109  13:34  Supply Depot x2  
  109  13:35  Refinery  
  109  13:41  SCV x2, Supply Depot, Marine x2  
  112  13:42  Supply Depot, Marine  
  112  13:44  Refinery  
  112  13:48  Supply Depot  
  114  13:55  Supply Depot, Marine  
  114  13:56  Supply Depot, Marine x2, Siege Tank  
  114  14:01  Marine  
  114  14:02  Medivac  
  123  14:15  Marine x2  
  123  14:16  Marine x2  
  127  14:23  Marine x2  
  128  14:33  Command Center, Marine x2  
  128  14:37  Marine x2  
  131  14:43  Marine  
  131  14:45  Marine  
  130  14:49  Siege Tank  
  130  14:51  Marine x2  
  135  14:55  Marine  
  135  14:56  Marine  
  137  15:01  Marine  
  137  15:02  Marine  
  139  15:09  Marine  
  139  15:11  SCV x3  
  139  15:13  Marine  
  145  15:17  Barracks Reactor, Factory  
  145  15:19  Marine  
  145  15:21  Marine  
  146  15:22  Medivac x2  
  146  15:23  Barracks Reactor, Siege Tank  
  146  15:27  Marine  
  154  15:31  Terran Vehicle Weapons Level 2  
  154  15:34  SCV x2  
  156  15:37  Marine x2  
  156  15:38  Marine  
  156  15:42  Supply Depot  
  159  15:48  Planetary Fortress  
  158  15:58  Marine  
  158  16:02  Marine x3, Factory Tech Lab  
  158  16:03  Siege Tank  
  157  16:06  Refinery  
  157  16:08  Missile Turret, Marine x2  
  159  16:18  Marine x2  
  159  16:21  Marine x2  
  159  16:25  Marine, Siege Tank  
  159  16:33  Marine  
  159  16:35  Marine, Siege Tank  
  159  16:36  Marine x2  
  159  16:39  Marine x2  
  165  16:43  Marine  
  166  16:51  Marine  
  166  16:53  Viking x2  
  171  16:55  Marine x2  
  171  16:57  Siege Tank  
  171  17:00  Marine x2  
  178  17:07  Siege Tank  
  181  17:11  Refinery, Marine x2  
  183  17:23  Marine  
  183  17:28  Marine  
  138  17:30  Marine  
  138  17:31  Marine, Siege Tank  
  138  17:34  Marine  
  138  17:35  Marine  
Show
View Real Time Build Order
Export as new Build Order

Azure Terran - Winner!

Build Orders: Reaper Expand 

Get SALT Encoding   

  12  0:00  SCV  
  13  0:12  SCV  
  14  0:17  Supply Depot  
  14  0:24  SCV  
  15  0:39  SCV, Barracks  
  15  0:42  Refinery  
  16  0:51  SCV  
  17  1:03  SCV  
  18  1:15  SCV  
  19  1:26  Reaper  
  19  1:27  Orbital Command  
  20  1:40  Command Center  
  20  1:54  SCV  
  21  1:55  Supply Depot  
  21  1:58  Marine  
  22  2:07  Factory  
  22  2:09  SCV  
  22  2:14  Refinery  
  23  2:21  SCV  
  23  2:22  Marine  
  25  2:30  Bunker  
  25  2:33  SCV  
  26  2:45  SCV  
  26  2:51  Barracks Reactor, Hellion, Starport  
  28  2:57  Orbital Command  
  28  2:58  SCV  
  29  3:11  SCV  
  30  3:14  Factory Tech Lab  
  30  3:23  SCV x2  
  30  3:24  Refinery  
  32  3:27  Marine x2  
  32  3:32  Cyclone  
  37  3:34  Starport Tech Lab  
  37  3:35  SCV x2  
  37  3:39  Supply Depot  
  39  3:45  Marine x2  
  39  3:47  SCV x2  
  43  3:57  Raven  
  43  3:59  SCV  
  43  4:00  SCV  
  47  4:03  Marine x2  
  47  4:04  Supply Depot  
  49  4:11  SCV, Supply Depot  
  49  4:13  SCV  
  50  4:21  Supply Depot, Marine  
  50  4:23  SCV  
  50  4:24  Refinery, Marine  
  52  4:25  SCV  
  52  4:31  Siege Tank  
  57  4:35  SCV  
  57  4:37  SCV  
  59  4:39  Marine  
  59  4:40  Raven  
  59  4:42  Marine  
  63  4:47  SCV  
  63  4:49  SCV  
  65  4:54  Supply Depot  
  65  4:59  SCV  
  66  5:01  SCV  
  66  5:02  Marine  
  66  5:03  Marine  
  66  5:04  Siege Tank  
  72  5:12  SCV, Supply Depot  
  72  5:13  SCV  
  74  5:25  SCV  
  75  5:28  SCV  
  75  5:32  Command Center  
  75  5:33  Viking  
  78  5:36  Viking  
  78  5:38  SCV  
  78  5:41  Siege Tank  
  78  5:42  Marine  
  85  5:43  SCV  
  86  5:50  SCV, Supply Depot  
  86  5:55  SCV  
  88  5:57  Supply Depot  
  88  6:02  SCV  
  88  6:03  Viking  
  91  6:06  Viking  
  91  6:08  SCV  
  94  6:13  Siege Tank  
  94  6:14  SCV  
  98  6:18  Stimpack  
  98  6:21  Supply Depot, Barracks  
  98  6:22  Barracks  
  98  6:33  Viking  
  98  6:34  SCV  
  98  6:36  Viking  
  98  6:37  SCV  
  98  6:38  Marine  
  105  6:40  Supply Depot  
  105  6:46  SCV  
  106  6:58  SCV  
  106  7:00  Siege Tank  
  109  7:03  Viking  
  109  7:05  Viking  
  113  7:09  SCV  
  113  7:10  Orbital Command  
  113  7:12  Barracks Reactor  
  113  7:13  Barracks Reactor, Engineering Bay  
  114  7:21  SCV  
  115  7:28  Marine  
  115  7:29  Engineering Bay  
  117  7:32  Siege Tank  
  117  7:33  Viking  
  122  7:42  Viking  
  115  8:00  SCV x2  
  115  8:03  Viking  
  115  8:04  Siege Tank  
  119  8:07  Orbital Command  
  119  8:12  SCV, Liberator  
  123  8:24  Refinery  
  123  8:25  Marine x5  
  128  8:33  Liberator  
  129  8:43  Marine x3  
  129  8:45  Orbital Command  
  99  8:50  Siege Tank  
  99  8:51  Marine x2  
  99  8:55  Medivac  
  100  9:00  Marine  
  100  9:01  Marine x2  
  101  9:03  Combat Shield  
  101  9:09  Marine x2  
  103  9:12  Barracks  
  103  9:14  Barracks  
  103  9:16  Medivac  
  105  9:17  Missile Turret  
  105  9:18  Terran Infantry Weapons Level 1, Missile Turret, Marine  
  105  9:20  Marine x2  
  108  9:29  Marine  
  108  9:30  Marine  
  108  9:31  Siege Tank  
  113  9:34  Medivac  
  113  9:36  Marine  
  113  9:38  Marine x2  
  117  9:45  SCV  
  117  9:47  Marine x2  
  116  9:54  Marine  
  116  9:56  Marine x2  
  116  9:58  Orbital Command  
  119  10:03  Siege Tank  
  119  10:05  Marine x2  
  86  10:07  Medivac  
  124  10:13  Terran Infantry Armor Level 1  
  126  10:15  Marine x4  
  126  10:16  Marine  
  126  10:17  Sensor Tower  
  131  10:23  Marine x2  
  133  10:33  Marine x4  
  133  10:34  Marine  
  133  10:35  Siege Tank  
  141  10:42  Marine x2  
  135  10:51  SCV, Marine x4  
  135  10:52  Marine  
  141  11:05  Supply Depot  
  141  11:06  Supply Depot  
  141  11:07  Armory, Supply Depot, Refinery  
  141  11:08  Refinery  
  141  11:13  Marine x2  
  141  11:14  Marine x2  
  141  11:15  Marine, Siege Tank  
  116  11:27  SCV  
  116  11:31  Barracks Reactor x2, Marine x2  
  116  11:32  Medivac x2, Marine x3  
  123  11:37  Factory  
  116  11:43  SCV x2  
  118  11:47  SCV, Siege Tank  
  118  11:49  Marine x3  
  118  11:52  Marine x2  
  127  11:55  SCV x2  
  127  11:56  Supply Depot  
  127  11:59  SCV  
  130  12:02  Missile Turret  
  130  12:05  Missile Turret  
  130  12:06  Marine  
  130  12:07  Marine  
  132  12:13  Marine x3  
  132  12:14  Marine x2  
  137  12:19  Supply Depot  
  137  12:20  Supply Depot, Siege Tank  
  137  12:21  Factory Tech Lab  
  140  12:23  Terran Infantry Weapons Level 2  
  140  12:27  Terran Infantry Armor Level 2  
  140  12:33  Marine x3  
  140  12:35  Marine x2  
  140  12:36  Marine x2  
  147  12:40  Siege Tank  
  147  12:41  Marine x2  
  152  12:51  Marine x3  
  152  12:52  Siege Tank  
  152  12:53  Medivac, Marine  
  152  12:54  Medivac  
  152  12:57  Marine x2  
  165  12:59  Marine x2  
  165  13:01  Marine  
  160  13:11  Marine x2  
  160  13:12  Siege Tank  
  158  13:16  Marine  
  138  13:29  Siege Tank  
  138  13:30  Marine x5  
  138  13:31  SCV  
  140  13:36  Marine x2  
  140  13:37  Marine  
  140  13:41  Terran Vehicle Weapons Level 1, Marine  
  142  13:43  Medivac  
  142  13:47  Marine  
  142  13:48  Marine  
  147  13:49  Command Center, Marine x2  
  149  13:57  Marine x2, Siege Tank  
  149  13:58  Marine x2  
  149  13:59  Marine  
  153  14:05  Marine x2  
  153  14:06  Marine, Siege Tank  
  153  14:07  Medivac, Marine  
  162  14:15  Marine x2  
  163  14:18  Marine x2  
  163  14:24  Marine x2, Barracks  
  165  14:25  Barracks  
  165  14:26  Barracks  
  165  14:38  Marine  
  165  14:39  Marine  
  165  14:40  Marine  
  165  14:41  Marine  
  159  14:55  Marine x2  
  159  14:57  Marine x2  
  159  14:59  Siege Tank  
  166  15:03  Marine x2  
  166  15:05  Planetary Fortress  
  165  15:08  SCV  
  165  15:09  SCV  
  167  15:15  Marine x2  
  167  15:18  Marine x4  
  167  15:20  Barracks Reactor x3  
  173  15:22  Sensor Tower  
  173  15:24  Marine  
  173  15:25  Marine x2  
  176  15:33  Marine x2  
  175  15:35  Marine  
  175  15:36  Marine x3  
  175  15:38  Siege Tank  
  175  15:41  Siege Tank  
  185  15:43  Marine x2  
  180  15:59  Marine  
  180  16:02  Liberator  
  179  16:07  Marine x2  
  179  16:10  Siege Tank  
  183  16:13  Siege Tank  
  183  16:14  Marine x3  
  184  16:26  Marine x2  
  184  16:28  Marine  
  184  16:29  Marine x2  
  181  16:37  Marine x2  
  182  16:42  Marine x2, Siege Tank  
  182  16:45  Siege Tank  
  182  16:47  Marine, Liberator x2  
  190  16:48  Marine  
  198  16:55  Marine x2  
  158  17:31  Marine x2  
  158  17:33  Marine x2  
  158  17:34  Marine x2  
  158  17:35  Marine  
  152  17:37  Marine x2  
Tags
 
Add a new tag
Caveats
  • Supply blocks, unpowered buildings, or Contaminate may cause inaccurate times.
  • Supply counts are checked every 10 seconds.